AoeStats
← Lastmantillidie

Fortress

509477313Analyzed
4v4 RM · 6d ago on Sep 26, 2026· 47m 23s· 8 players
Game mode
Random Map
Map size
Huge
Population
200
Speed
Normal
Resources
Standard
Victory
Conquest
Starting age
Dark Age
Ending age
Imperial Age
RankedLock teamsTeams togetherTeam positionsShared explorationLock speedFull tech treeHidden civsTurbo modeCheats
Victory
Defeat
🇨🇳 Magyars · China
1646
+14
🇺🇸 Hindustanis · United States
1568
+17
🇬🇧 Saxons · United Kingdom
1547
+18
🇭🇰 Mongols · Hong Kong SAR China
1468
+21
🇭🇷 Mongols · Croatia
1745
-23
🇷🇸 Ethiopians · Serbia
1624
-19
🇧🇦 Varangians · Bosnia & Herzegovina
1545
-16
🇭🇷 Danes · Croatia
1465
-12
北冥有鲲
7:22 Feudal Age
8:36 Double-Bit Axe
11:27 Castle Age
9:18 Horse Collar
12:40 Bow Saw
14:27 Wheelbarrow
20:48 Hand Cart
20:28 Gold Mining
25:12 Imperial Age
23:13 Ballistics
22:46 Fletching
22:42 Loom
23:46 Gold Shaft Mining
23:28 Husbandry
23:31 Padded Archer Armor
24:02 Thumb Ring
24:23 Town Watch
24:30 Stone Mining
24:37 Bodkin Arrow
24:54 Bloodlines
26:06 Recurve Bow
26:27 Conscription
26:08 Bracer
27:10 Chemistry
26:59 Parthian Tactics
26:52 Leather Archer Armor
27:28 Corvinian Army
27:32 Heavy Plow
28:32 Scale Barding Armor
28:59 Ring Archer Armor
29:01 Crop Rotation
29:32 Two-Man Saw
28:29 Heavy Cavalry Archer
30:54 Hoardings
31:11 Chain Barding Armor
31:34 Siege Engineers
31:40 Masonry
31:20 Elite Magyar Huszar
35:02 Plate Barding Armor
34:50 Murder Holes
34:36 Treadmill Crane
34:53 Herbal Medicine
36:24 Elite Skirmisher
38:24 Guard Tower
38:47 Caravan
38:59 Sappers
42:10 Coinage
43:04 Town Patrol
47:16 Capped Ram
47:22 Capped Ram
The Senate
6:56 Feudal Age
11:03 Castle Age
9:11 Double-Bit Axe
9:21 Horse Collar
12:08 Bow Saw
12:56 Loom
16:40 Heavy Plow
18:32 Wheelbarrow
17:43 Town Watch
18:22 Gold Mining
18:52 Scale Mail Armor
19:33 Stone Mining
20:35 Forging
22:11 Hand Cart
24:33 Gold Shaft Mining
25:14 Chain Mail Armor
25:47 Squires
29:30 Imperial Age
27:07 Fletching
27:23 Murder Holes
28:20 Ballistics
27:57 Bodkin Arrow
28:38 Iron Casting
28:50 Fortified Wall
30:11 Town Patrol
30:31 Masonry
29:52 Elite Hearth Troop
30:53 Conscription
31:05 Plate Mail Armor
30:37 Bracer
31:40 Chemistry
31:58 Two-Man Saw
31:30 Crop Rotation
30:26 Shield Wall
32:13 Hoardings
31:29 Sappers
33:42 Architecture
33:35 Arson
33:37 Gambesons
34:10 Elite Varangian Guard
36:34 Guilds
36:24 Caravan
37:51 Siege Engineers
37:29 Treadmill Crane
37:42 Arrowslits
37:49 Guard Tower
37:31 Pikeman
39:21 Halberdier
41:41 Heavy Scorpion
43:54 Keep
43:28 Thumb Ring
大庆Song
7:58 Feudal Age
11:32 Castle Age
9:37 Double-Bit Axe
9:56 Horse Collar
12:31 Heavy Plow
15:56 Wheelbarrow
18:26 Fletching
18:23 Loom
25:53 Bodkin Arrow
31:15 Imperial Age
30:55 Hand Cart
30:52 Bow Saw
30:53 Light Cavalry
31:44 Bloodlines
31:45 Forging
31:38 Husbandry
32:33 Onager
35:30 Bracer
37:49 Drill
38:06 Hoardings
39:17 Fortified Wall
39:19 Masonry
40:09 Conscription
40:59 Murder Holes
41:25 Ballistics
42:59 Chemistry
44:52 Scale Barding Armor
44:48 Padded Archer Armor
45:24 Iron Casting
47:15 Chain Barding Armor
47:12 Leather Archer Armor
Lastmantillidie
7:07 Feudal Age
11:06 Castle Age
9:00 Double-Bit Axe
9:32 Horse Collar
12:45 Bow Saw
17:49 Wheelbarrow
17:30 Stone Mining
17:46 Heavy Plow
18:54 Gold Mining
19:19 Loom
20:06 Hand Cart
25:19 Imperial Age
23:37 Scale Barding Armor
23:43 Forging
24:13 Bloodlines
24:04 Husbandry
24:42 Grand Trunk Road
25:05 Chain Barding Armor
25:48 Gold Shaft Mining
26:04 Town Watch
26:56 Plate Barding Armor
26:57 Iron Casting
28:00 Two-Man Saw
26:32 Heavy Camel Rider
29:13 Imperial Camel Rider
31:25 Conscription
31:25 Caravan
33:48 Blast Furnace
33:51 Chemistry
33:05 Light Cavalry
33:58 Hussar
43:58 Fletching
44:31 Ballistics
44:17 Siege Engineers
44:22 Masonry
g0ldenJew
7:57 Feudal Age
11:55 Castle Age
9:53 Horse Collar
9:59 Double-Bit Axe
12:19 Scale Mail Armor
12:24 Loom
22:18 Chain Mail Armor
22:13 Forging
23:00 Squires
23:12 Forging
25:05 Iron Casting
26:32 Pikeman
30:06 Imperial Age
28:18 Stone Mining
28:18 Gold Mining
30:34 Hamask
31:53 Wheelbarrow
31:11 Halberdier
34:30 Blast Furnace
34:01 Plate Mail Armor
33:56 Conscription
34:48 Gold Shaft Mining
34:48 Stone Shaft Mining
35:10 Elite Varangian Guard
40:48 Arson
43:50 Bow Saw
46:02 Hand Cart
ceepki
7:02 Feudal Age
10:50 Castle Age
9:05 Double-Bit Axe
9:23 Horse Collar
18:06 Wheelbarrow
18:09 Bow Saw
20:18 Gold Mining
21:01 Hand Cart
21:57 Heavy Plow
22:35 Gold Shaft Mining
21:50 Stone Mining
24:59 Imperial Age
24:37 Ballistics
24:13 Loom
24:41 Nomads
25:04 Capped Ram
25:43 Elite Mangudai
26:44 Conscription
26:10 Siege Ram
28:06 Drill
29:19 Chemistry
29:14 Siege Engineers
29:02 Heavy Scorpion
31:39 Coinage
32:58 Banking
34:56 Caravan
34:31 Onager
34:56 Pikeman
35:30 Fletching
35:41 Padded Archer Armor
36:16 Fortified Wall
36:17 Masonry
36:18 Bodkin Arrow
38:42 Bracer
Ceki
7:51 Feudal Age
8:54 Double-Bit Axe
11:41 Castle Age
9:59 Horse Collar
13:54 Bow Saw
17:41 Wheelbarrow
19:16 Heavy Plow
20:05 Gold Mining
20:06 Stone Mining
24:46 Imperial Age
23:11 Gold Shaft Mining
23:25 Ballistics
24:22 Hand Cart
24:21 Fortified Wall
24:02 Fletching
23:43 Crossbowman
24:46 Bodkin Arrow
24:54 Town Watch
24:56 Loom
26:31 Chemistry
25:36 Bracer
27:22 Two-Man Saw
26:54 Padded Archer Armor
26:16 Arbalester
27:41 Conscription
28:04 Thumb Ring
28:26 Leather Archer Armor
30:17 Ring Archer Armor
31:27 Stone Shaft Mining
32:19 Torsion Engines
34:28 Siege Engineers
34:46 Caravan
38:19 Elite Skirmisher
42:36 Scale Mail Armor
42:46 Forging
43:57 Squires
45:04 Chain Mail Armor
44:59 Forging
44:16 Onager
Athenaeis
7:35 Feudal Age
11:22 Castle Age
9:26 Horse Collar
9:59 Double-Bit Axe
15:52 Bow Saw
19:19 Wheelbarrow
22:18 Hand Cart
22:04 Gold Mining
25:49 Imperial Age
23:05 Loom
23:06 Town Watch
23:28 Stone Mining
24:36 Scale Barding Armor
25:40 Forging
25:54 Chain Barding Armor
25:45 Bloodlines
25:47 Husbandry
26:53 Conscription
26:19 Elite Jarl
28:24 Plate Barding Armor
28:57 Iron Casting
28:57 Fletching
29:08 Murder Holes
30:34 Chemistry
30:31 Caravan
31:38 Blast Furnace
32:21 Masonry
32:33 Ballistics
32:09 Bodkin Arrow
37:35 Light Cavalry
40:29 Hussar
42:52 Elite Varangian Guard
43:33 Scale Mail Armor
43:35 Squires
44:48 Chain Mail Armor
Connection lost

Rejoining the realm…

Still unreachable

The connection could not be restored.

Session expired

The server has moved on; the page needs a fresh start.